 Dungeon Crawl Stone Soup version 0.32-a0-913-g739538afd8 (webtiles) character file.

Game seed: 8464161154999036983

4827 ezpacito the Chopper (level 10, 0/115 HPs)
             Began as a Coglin Chaos Knight on Apr 10, 2024.
             Was a Plaything of Xom.
             Slain by a troll (2 damage)
             ... on level 8 of the Dungeon.
             The game lasted 00:08:56 (7004 turns).

ezpacito the Chopper (Coglin Chaos Knight)          Turns: 7004, Time: 00:08:57

Health: 0/115      AC: 25    Str: 19    XL:     10   Next: 49%
Magic:  13/13      EV:  2    Int: 16    God:    Xom [....*.]
Gold:   41         SH:  0    Dex: 11    Spells: 6/16 levels left

rFire   . . .        a - +1 hand axe (chaos) {Tejnoor}
rCold   . . .        i - +4 trident (freeze) {Arun}
rNeg    . . .        q - melded +1 ring mail {rF+}
rPois   +            (helmet currently unavailable)
rElec   .            c - melded +0 cloak
rCorr   .            l - melded +2 pair of gloves {Str+3}
SInv    +            h - melded +0 pair of boots
Will    .....        (amulet unavailable)
Stlth   ++           (ring unavailable)
HPRegen 0.39/turn    (ring unavailable)
MPRegen 0.13/turn    (no gizmo)

%: no passive effects
@: tree-form, studying 2 skills, revving
A: stationary, stasis, torment immunity, boosted hp, off-hand wielding, slow
wielding, warmup strikes, no jewellery, (iridescent scales 1), see invisible,
clever 1, (cold resistance 1), low MP 1, mutation resistance 1, (poison
resistance), strong 1, wild magic 2, MP-powered wands, (sturdy frame 1)
a: Invent Gizmo, Renounce Religion


You were on level 8 of the Dungeon.
You worshipped Xom.
You were a beloved toy of Xom.
You were a tree.
You visited 2 branches of the dungeon, and saw 9 of its levels.

You collected 392 gold pieces.
You spent 351 gold pieces at shops.

Inventory:

Hand Weapons
 a - a +1 hand axe of chaos (weapon) {Tejnoor}
 f - a +1 flail of protection {Natsumi}
 i - a +4 trident of freezing (offhand) {Arun}
 F - a +1 heavy war axe
 I - a +0 triple sword
Missiles
 n - 8 poisoned darts (quivered)
 B - 6 boomerangs
Armour
 c - a +0 cloak (melded)
 h - a +0 pair of boots (melded)
 l - a +2 pair of gloves of strength (melded)
 q - a +1 ring mail of fire resistance (melded)
Magical Staves
 k - a staff of air
 G - a staff of fire
Talismans
 y - a beast talisman
 C - a maw talisman
Wands
 D - a wand of mindburst (8)
Scrolls
 b - a scroll of blinking {unknown}
 e - 2 scrolls of teleportation {unknown}
 j - 2 scrolls of enchant armour {unknown}
 m - 2 scrolls of enchant weapon
 s - a scroll of fog {unknown}
 t - 2 scrolls of poison
 v - a scroll of immolation {unknown}
 w - 3 scrolls of noise {unknown}
 A - a scroll of silence {unknown}
 H - a scroll of revelation
 J - a scroll of torment {unknown}
Potions
 d - 2 potions of might
 o - 2 potions of enlightenment
 u - a potion of magic
 x - a potion of mutation
 z - a potion of berserk rage


   Skills:
 * Level 6.4 Fighting
 * Level 6.4(7.4) Axes
 * Level 5.1(6.4) Polearms
 * Level 5.5 Armour
 * Level 5.1 Dodging
 + Level 3.4 Stealth
 + Level 3.6 Spellcasting
 + Level 2.5 Necromancy
 + Level 5.4 Evocations
 + Level 2.5 Shapeshifting


You had 6 spell levels left.
You knew the following spells:

 Your Spells              Type           Power      Damage    Failure   Level
a - Anguish               Hex/Necr       5%         N/A       85%         4
b - Plasma Beam           Fire/Air       2%         2x1d12    100%        6

Your spell library contained the following spells:

 Spells                   Type           Power      Damage    Failure   Level
 Cause Fear               Hex            2%         N/A       95%         4
 Vhi's Electric Charge    Tloc/Air       8%         N/A       95%         4
 Arcjolt                  Conj/Air       2%         1d12      100%        5
 Enfeeble                 Hex            2%         N/A       100%        7


Dungeon Overview and Level Annotations

Branches:
Dungeon (8/15)             Temple (1/1) D:6
   Lair: D:8-11

Altars:
Ashenzari
Cheibriados
Dithmenos
Elyvilon
Fedhas
Gozag
Hepliaklqana
Kikubaaqudgha
Makhleb
Nemelex Xobeh
Okawaru
Qazlal
Ru
Sif Muna
Trog
Uskayaw
Vehumet
Wu Jian
Xom
Yredelemnul
Zin
The Shining One

Shops:
D:1 (   D:4 ((*:*   D:5 ?


Innate Abilities, Weirdness & Mutations

You are a tree.
Your roots penetrate the ground, keeping you stationary.
You cannot be teleported.
You are immune to unholy pain and torment.
Your maximum health is greatly increased.
Your equipment is partially melded.
You can wield a second weapon in your off-hand.
It takes a long time for you to wield or remove held weapons.
Your first few attacks do less damage.
You cannot equip rings or amulets.
((You are partially covered in iridescent scales. (AC +2)))
You have supernaturally acute eyesight. (SInv)
Your mind is acute. (Int +4, Str/Dex -1)
((Your flesh is cold resistant. (rC+)))
Your magical capacity is low. (-10% MP)
You are somewhat resistant to further mutation.
((Your system is resistant to poisons. (rPois)))
Your muscles are strong. (Str +4, Int/Dex -1)
Your spells are harder to cast, but more powerful.
You expend magic power (3 MP) to strengthen your wands.
((Your movements are slightly less encumbered by armour. (ER -2)))


Message History

You take 4 damage, and have 9/115 hp.
You feel less invigorated.
You feel less confused.
The laughing skull headbutts you but does no damage.
Your +0 dagger hits the steam dragon!!
The steam dragon dies!
The orc wizard points at you and mumbles some strange words.
The puff of flame hits your +0 dagger.
Your +0 dagger resists.
The troll bites you but does no damage.
The troll claws you but does no damage. x2
The laughing skull barely misses you.
You regained 6 hp, and now have 15/115 hp.
The laughing skull headbutts you but does no damage.
The troll closely misses your +0 dagger.
The troll misses your +0 dagger.
The troll closely misses your +0 dagger.
The troll bites you but does no damage. The troll claws you but does no damage.
The troll claws you!
* * * LOW HITPOINT WARNING * * *
The orc wizard barely misses your +0 dagger.
A slime creature comes into view.
You take 8 damage, and have 7/115 hp.
The laughing skull headbutts you but does no damage.
The bullfrog hits you but does no damage.
The troll barely misses your +0 dagger.
The troll claws your +0 dagger but does no damage.
The troll claws your +0 dagger!
The troll bites you but does no damage. The troll claws you but does no damage.
The troll claws you.
* * * LOW HITPOINT WARNING * * *
The slime creature is engulfed in blazing flames.
The orc wizard hits your +0 dagger but does no damage.
The laughing skull headbutts you but does no damage.
You take 6 damage, and have 1/115 hp.
The bullfrog hits you but does no damage.
The laughing skull headbutts you but does no damage.
The troll completely misses your +0 dagger.
The troll claws your +0 dagger but does no damage. x2
The troll bites you but does no damage. The troll claws you.
You die... "Huh?
Did I miss anything?"

...#..#..#..#..#.#
.. #.#..#.#..#.#.#
..#..#.).#..#..# #
.#.#..#.#..#.#.# )#
#..#..#..#..#.## .#
.#...#..#.#.## .#
.#.#...#.#..##.##.#
..#..##..T##J....#
##.##...F♣zR##.###
.#..##..(##!# #
##...#o#T.†#
...#.#o#.ßT# .# .
.#!.[.# # #.#####.
## ßß .ß. #.


You could see a slime creature, 2 trolls, an efreet, a laughing skull, a
bullfrog, an orc wizard (invisible), an orc and a friendly +0 dagger.

Vanquished Creatures
  A two-headed ogre (D:6)
  A troll (D:7)
  A hornet (D:7)
  2 yaks (D:8)
  A steam dragon (D:8)
  An orc warrior (D:6)
  2 ice beasts
  2 sky beasts (D:7)
  A black bear (D:6)
  A centaur (D:7)
  3 phantoms
  Blork the orc (D:6)
  A kobold brigand (D:7)
  3 bullfrogs
  A gnoll sergeant (D:7)
  4 scorpions
  2 wyvern zombies (D:7)
  4 wights (D:7)
  2 jellies
  A bullfrog zombie (D:7)
  3 centaur zombies (D:7)
  A gnoll bouda (D:7)
  2 orc priests (D:3)
  A hound (D:6)
  3 iguanas
  8 orc wizards
  A howler monkey zombie (D:7)
  12 gnolls
  5 adders
  2 shadow imps (D:6)
  3 white imps
  2 dart slugs
  A ribbon worm (D:2)
  17 orcs
  9 ball pythons
  6 bats
  6 endoplasms
  6 giant cockroaches
  3 goblins
  7 hobgoblins
  12 jackals
  A quokka (D:4)
  3 frilled lizards
  8 kobolds
  5 rats
162 creatures vanquished.

Vanquished Creatures (collateral kills)
  A wyvern (D:8)
  A steam dragon (D:8)
  Duvessa (D:7)
  A water moccasin (D:7)
  A wight (D:7)
  Dowan (D:7)
  An orc wizard (D:8)
  A shadow imp (D:7)
  5 orcs
13 creatures vanquished.

Vanquished Creatures (others)
  An orc warrior (D:8)
  An orc priest (D:6)
2 creatures vanquished.

Grand Total: 177 creatures vanquished

Notes
Turn   | Place    | Note
-------+----------+-------------------------------------------
     0 | D:1      | ezpacito the Coglin Chaos Knight began the quest for the
                  | Orb.
     0 | D:1      | Reached XP level 1. HP: 18/18 MP: 1/1
    25 | D:1      | Reached skill level 1 in Dodging
   207 | D:1      | Reached XP level 2. HP: 23/24 MP: 2/2
   313 | D:1      | XOM: divination: detect items
   368 | D:1      | XOM: god gift: 5 stones
   786 | D:1      | Found Becko's Antique Weapon Boutique.
   823 | D:1      | XOM: god gift: pair of gloves {god gift}
   969 | D:1      | Reached XP level 3. HP: 29/29 MP: 3/3
  1052 | D:1      | XOM: give mutations
  1052 | D:1      | Gained mutation: You are partially covered in large bone
                  | plates. (SH +4) [Xom's grace]
  1052 | D:1      | Gained mutation: Your muscles are strong. (Str +4, Int/Dex
                  | -1) [Xom's grace]
  1052 | D:1      | Gained mutation: You expend magic power (3 MP) to
                  | strengthen your wands. [Xom's grace]
  1052 | D:1      | Gained mutation: Your spells are a little harder to cast,
                  | but a little more powerful. [Xom's grace]
  1133 | D:2      | Reached skill level 1 in Polearms
  1299 | D:2      | XOM: cleaving
  1330 | D:2      | Found a faded altar of an unknown god.
  1428 | D:2      | XOM: scenery: summon butterflies
  1455 | D:2      | XOM: torment (16/29 hp)
  1652 | D:3      | Reached XP level 4. HP: 30/35 MP: 4/4
  1720 | D:3      | XOM: summons 2 friendly demons
  1725 | D:3      | Reached skill level 1 in Evocations
  1725 | D:3      | Reached XP level 5. HP: 11/41 MP: 5/5
  1725 | D:3      | Lost mutation: You expend magic power (3 MP) to strengthen
                  | your wands. [potion of mutation]
  1725 | D:3      | Lost mutation: Your muscles are strong. (Str +4, Int/Dex
                  | -1) [potion of mutation]
  1725 | D:3      | Lost mutation: You are partially covered in large bone
                  | plates. (SH +4) [potion of mutation]
  1725 | D:3      | Gained mutation: Your magical capacity is low. (-10% MP)
                  | [potion of mutation]
  1725 | D:3      | Gained mutation: Your flesh is cold resistant. (rC+)
                  | [potion of mutation]
  1725 | D:3      | Gained mutation: Your system is resistant to poisons.
                  | (rPois) [potion of mutation]
  1736 | D:3      | Reached skill level 1 in Stealth
  1851 | D:3      | XOM: give mutation
  1851 | D:3      | Gained mutation: You are partially covered in iridescent
                  | scales. (AC +2) [Xom's grace]
  1959 | D:3      | XOM: scenery: summon butterflies
  2498 | D:4      | Reached XP level 6. HP: 47/47 MP: 6/6
  2583 | D:4      | Found Uchoupte's Assorted Antiques.
  2598 | D:4      | Bought a viscous silvery potion for 23 gold pieces
  2598 | D:4      | Bought a scroll labelled FEELAYCZYA for 26 gold pieces
  2598 | D:4      | Bought a scroll labelled KUPILEXIUSS for 26 gold pieces
  2598 | D:4      | Bought a red potion for 23 gold pieces
  2598 | D:4      | Bought a scroll labelled DIAGUA XOGUA for 26 gold pieces
  2598 | D:4      | Bought a scroll labelled OSI DID ANYTICK for 26 gold pieces
  2675 | D:4      | XOM: summons 3 hostile shadow creatures
  2871 | D:4      | Found Cojaude's Antique Weapon Shop.
  2978 | D:4      | Found Vothri Wyrucw's Book Shop.
  2996 | D:4      | Found Mysoff's Assorted Antiques.
  3004 | D:4      | Bought a glowing silvery potion for 20 gold pieces
  3100 | D:4      | Found Qeidgh Teps's Antique Weapon Shoppe.
  3252 | D:4      | XOM: give mutations
  3252 | D:4      | Gained mutation: You possess an exceptional clarity of
                  | mind. [Xom's grace]
  3252 | D:4      | Gained mutation: Your mind is acute. (Int +4, Str/Dex -1)
                  | [Xom's grace]
  3311 | D:4      | XOM: scenery: summon butterflies
  3316 | D:5      | Entered Level 5 of the Dungeon
  3435 | D:5      | XOM: 1-stop teleportation journey
  3497 | D:5      | Reached skill level 1 in Spellcasting
  3551 | D:5      | Found a basalt altar of Yredelemnul.
  3661 | D:5      | XOM: polymorph howler monkey -> frilled lizard
  3739 | D:5      | XOM: give mutations
  3739 | D:5      | Gained mutation: Your spells are harder to cast, but more
                  | powerful. [Xom's grace]
  3739 | D:5      | Gained mutation: You are somewhat resistant to further
                  | mutation. [Xom's grace]
  3739 | D:5      | Gained mutation: Your movements are slightly less
                  | encumbered by armour. (ER -2) [Xom's grace]
  3739 | D:5      | Gained mutation: You expend magic power (3 MP) to
                  | strengthen your wands. [Xom's grace]
  3880 | D:5      | XOM: give mutations
  3880 | D:5      | Gained mutation: You have supernaturally acute eyesight.
                  | (SInv) [Xom's grace]
  3880 | D:5      | Gained mutation: Your muscles are strong. (Str +4, Int/Dex
                  | -1) [Xom's grace]
  3880 | D:5      | Gained mutation: You are robust. (+10% HP) [Xom's grace]
  3883 | D:5      | Reached XP level 7. HP: 55/58 MP: 7/7
  3919 | D:5      | Found Dur Mej's Magic Scroll Shop.
  3928 | D:5      | Bought a scroll of identify for 20 gold pieces
  3928 | D:5      | Bought a scroll of identify for 20 gold pieces
  3928 | D:5      | Bought a scroll of identify for 20 gold pieces
  4040 | D:5      | XOM: scenery: 1 doors close
  4192 | D:6      | Found a staircase to the Ecumenical Temple.
  4201 | Temple   | Entered the Ecumenical Temple
  4295 | D:6      | XOM: god gift: 40 gold pieces
  4374 | D:6      | XOM: scenery: 1 doors close
  4420 | D:6      | Reached XP level 8. HP: 61/67 MP: 9/9
  4508 | D:6      | XOM: scenery: summon butterflies
  4646 | D:6      | Reached skill level 1 in Shapeshifting
  4682 | D:6      | XOM: god gift: +2 pair of gloves of strength
  4812 | D:6      | Learned a level 4 spell: Anguish
  4819 | D:6      | Learned a level 6 spell: Plasma Beam
  4905 | D:6      | XOM: summons friendly quasit
  4980 | D:6      | Noticed Blork the orc
  4980 | D:6      | Noticed a two-headed ogre
  4985 | D:6      | XOM: 4-stop teleportation journey
  5132 | D:6      | Killed a two-headed ogre
  5133 | D:6      | Reached skill level 5 in Fighting
  5133 | D:6      | Reached skill level 5 in Axes
  5133 | D:6      | Reached skill level 1 in Necromancy
  5133 | D:6      | Reached XP level 9. HP: 15/74 MP: 3/11
  5281 | D:6      | Killed Blork the orc
  5322 | D:6      | XOM: give mutations
  5322 | D:6      | Lost mutation: You are robust. (+10% HP) [Xom's mischief]
  5322 | D:6      | Lost mutation: You possess an exceptional clarity of mind.
                  | [Xom's mischief]
  5652 | D:5      | Bought a scroll of revelation for 75 gold pieces
  5652 | D:5      | Bought a scroll of identify for 20 gold pieces
  5768 | D:7      | Noticed a hornet
  5771 | D:7      | XOM: swap monsters
  5783 | D:7      | Killed a hornet
  5962 | D:7      | Noticed Dowan
  5962 | D:7      | Noticed Duvessa
  5966 | D:7      | XOM: cast spell 'Summon Horrible Things'
  5967 | D:7      | Killed Dowan
  5973 | D:7      | Killed Duvessa
  6123 | D:7      | Noticed a troll
  6127 | D:7      | Killed a troll
  6128 | D:7      | Reached skill level 5 in Armour
  6194 | D:7      | Reached XP level 10. HP: 76/76 MP: 13/13
  6218 | D:7      | XOM: god gift: scroll labelled PUAXUS XISA {god gift}
  6756 | D:4      | Bought a scroll labelled YTRIUN AGHAT for 26 gold pieces
  6897 | D:8      | Reached skill level 5 in Dodging
  6897 | D:8      | Reached skill level 5 in Evocations
  6900 | D:8      | XOM: cleaving
  6981 | D:8      | Reached skill level 5 in Polearms
  7003 | D:8      | HP: 1/115 [troll (6)]
  7004 | D:8      | Slain by a troll

Illustrated notes

Levels and vault maps discovered:
D:1:      denvon_arrival_waterhouse, layout_basic, serial_shops, shop
D:2:      layout_rooms, chequers_ecumenical_altar_island
D:3:      layout_loops_ring, minmay_liquid_box
D:4:      layout_loops_cross, serial_shops, shop, nicolae_shop_tiny_glass, shop,
          kennysheep_mini_moat, nicolae_shop_tiny_real_fake_doors
D:5:      layout_basic, overflow_temple_1_default, serial_shops, shop
D:6:      layout_loops_ring, minmay_temple_entry_wispy, serial_library,
          serial_library_hellmonk_hallway_a,
          serial_library_hellmonk_open_square,
          serial_library_hellmonk_big_corner,
          serial_library_hellmonk_reading_circle,
          serial_library_hellmonk_narrow_alcove,
          serial_library_regret_index_headful,
          serial_library_hellmonk_hallway_b, uniq_blork_the_orc
D:7:      layout_rooms, serial_undead, serial_undead_c, serial_undead_a,
          serial_undead_b, serial_undead_d, minivault_27, uniq_duvessa
D:8:      minmay_the_grid_octo_2x2 [minmay_the_grid_octo_thin_diamonds,
          minmay_the_grid_octo_focus, minmay_the_grid_octo_clover,
          minmay_the_grid_octo_prize_big_c], layout_rooms,
          ebering_ghost_rock_garden, dk_noncrumbling_3, nicolae_zen_rock_garden,
          minmay_diced_spiral
Temple:   mainiacjoe_temple_trianglar_array

Skill      XL: |  1  2  3  4  5  6  7  8  9 10 |
---------------+-------------------------------+-----
Dodging        | 1 2 3 4 5 |  5.1
Armour         | 2 3 4 5 |  5.5
Polearms       | 1 2 3 4 5 |  5.1
Evocations     | 1 2 3 4 5 |  5.4
Stealth        | 1 2 3 |  3.4
Spellcasting   | 1 2 3 |  3.6
Axes           | 4 5 6 |  6.4
Fighting       | 4 5 6 |  6.4
Shapeshifting  | 1 2 |  2.5
Necromancy     | 1 2 |  2.5

Action                     |  1- 3 |  4- 6 |  7- 9 | 10-12 || total
---------------------------+-------+-------+-------+-------++-------
  Melee: Hand axe          |    72 |    89 |   151 |    66 ||   378
         Dagger            |    35 |       |       |       ||    35
         Short sword       |    34 |    20 |       |       ||    54
         Flail             |       |    81 |   122 |       ||   203
         Trident           |       |       |    28 |    73 ||   101
  Evoke: Wand              |       |       |     3 |       ||     3
    Use: Potion            |       |     4 |     3 |     2 ||     9
         Scroll            |       |     5 |     5 |     2 ||    12
   Stab: Paralysed         |     1 |       |       |       ||     1
         Confused          |       |     3 |       |     1 ||     4
         Petrified         |       |       |     4 |     6 ||    10
         Held in net/web   |       |       |     1 |       ||     1
         Petrifying        |       |       |       |     2 ||     2
 Armour: Leather armour    |    35 |    17 |       |       ||    52
         Chain mail        |       |    86 |   122 |       ||   208
         Ring mail         |       |       |    24 |    54 ||    78
         Skin              |       |       |       |    42 ||    42
  Dodge: Dodged            |    59 |    37 |    94 |    47 ||   237
  Block: Other             |     5 |     1 |       |       ||     6

Table legend: (Time is in decaauts)
 A = Elapsed time spent in this place.
 B = Non-inter-level travel time spent in this place.
 C = Inter-level travel time spent in this place.
 D = Time resting spent in this place.
 E = Time spent auto-exploring this place.
 F = Levels seen in this place.
 G = Mean time per level.
                   A        B        C        D        E       F      G
               +--------+--------+--------+--------+--------+-----+--------+
         Total |   7045 |   6464 |    581 |    276 |   5074 |   9 |  782.8 |
       Dungeon |   7043 |   6462 |    581 |    276 |   5074 |   8 |  880.4 |
        Temple |      1 |      1 |      0 |      0 |      0 |   1 |    1.0 |
               +--------+--------+--------+--------+--------+-----+--------+

Top non-repeatable levels by time:
     D:6: 1508 daAuts
     D:1: 1110 daAuts
     D:7: 1019 daAuts
     D:5: 922 daAuts
     D:4: 918 daAuts
     D:3: 858 daAuts
     D:2: 512 daAuts
     D:8: 194 daAuts
  Temple: 1 daAuts
